AoeStats
← El Fantasma de Pancho Villa

Arena

507984176Analyzed
4v4 RM · 12d ago on Sep 20, 2026· 28m 58s· 8 players
Game mode
Random Map
Map size
Large (8 player)
Population
200
Speed
Normal
Resources
Standard
Victory
Conquest
Starting age
Dark Age
Ending age
Imperial Age
RankedLock teamsTeams togetherTeam positionsShared explorationLock speedFull tech treeHidden civsTurbo modeCheats
Victory
Defeat
🇮🇹 Bulgarians · Italy
1099
+16
🇺🇸 Cumans · United States
1098
+16
🇨🇾 Persians · Cyprus
1066
+18
🇨🇭 Bohemians · Switzerland
1031
+19
🇭🇰 Khmer · Hong Kong SAR China
1118
-18
🇹🇼 Britons · Taiwan
1111
-18
🇨🇳 Magyars · China
1098
-17
🇨🇳 Huns · China
1078
-16
AM830 MK
13:06 Feudal Age
16:09 Castle Age
14:26 Double-Bit Axe
14:25 Horse Collar
17:46 Bow Saw
17:40 Heavy Plow
25:21 Husbandry
26:50 Stone Mining
26:50 Gold Mining
28:05 Bloodlines
chiehlin829
10:54 Feudal Age
16:01 Castle Age
14:03 Horse Collar
14:14 Double-Bit Axe
14:32 Horse Collar
20:33 Crossbowman
Doodo
8:30 Loom
10:15 Feudal Age
14:47 Castle Age
12:58 Double-Bit Axe
16:04 Wheelbarrow
15:41 Bow Saw
16:01 Horse Collar
26:17 Gold Mining
26:56 Stone Mining
29:43 Imperial Age
29:04 Marauders
29:29 Bloodlines
陈乾
10:17 Feudal Age
14:34 Castle Age
16:16 Double-Bit Axe
20:56 Loom
Arti
11:11 Feudal Age
12:28 Double-Bit Axe
15:17 Castle Age
13:21 Horse Collar
13:56 Gold Mining
17:07 Gambesons
17:27 Scale Mail Armor
19:49 Forging
20:24 Squires
20:44 Chain Mail Armor
20:37 Arson
22:24 Iron Casting
26:10 Loom
27:00 Wheelbarrow
27:56 Wheelbarrow
mat90
10:53 Feudal Age
9:09 Loom
15:54 Castle Age
14:36 Double-Bit Axe
14:41 Horse Collar
18:53 Fervor
22:21 Wheelbarrow
21:59 Heavy Plow
22:30 Bow Saw
24:13 Hand Cart
30:04 Imperial Age
28:38 Chemistry
27:59 Ballistics
27:35 Murder Holes
27:36 Fletching
29:30 Wagenburg Tactics
JonnyD
10:55 Feudal Age
10:14 Loom
13:05 Horse Collar
15:26 Castle Age
14:00 Double-Bit Axe
17:04 Bow Saw
22:07 Scale Barding Armor
22:59 Gold Mining
23:58 Heavy Plow
25:04 Chain Barding Armor
25:22 Forging
30:02 Imperial Age
El Fantasma de Pancho Villa
13:29 Feudal Age
14:46 Man-at-Arms
17:05 Scale Mail Armor
19:57 Forging
20:49 Fletching
29:05 Horse Collar
Connection lost

Rejoining the realm…

Still unreachable

The connection could not be restored.

Session expired

The server has moved on; the page needs a fresh start.